 Dungeon Crawl Stone Soup version 0.21-a0-380-gd65dc97 (webtiles) character file.

106 nikopol the Poker (level 4, -7/27 HPs)
             Began as a Gargoyle Gladiator on Oct 17, 2017.
             Killed from afar by grom234's ghost (20 damage)
             ... with a stone arrow
             ... on level 3 of the Dungeon.
             The game lasted 00:05:49 (2209 turns).

nikopol the Poker (Gargoyle Gladiator)              Turns: 2209, Time: 00:05:49

Health: -7/27      AC: 19    Str: 17    XL:     4   Next: 84%
Magic:  4/4        EV: 10    Int:  9    God:
Gold:   71         SH:  0    Dex: 12    Spells: 3/3 levels left

rFire    x . .     SeeInvis .   a - +0 trident
rCold    + + .     Gourm    .   (no shield)
rNeg     + . .     Faith    .   w - +0 ice dragon scales
rPois    ∞         Spirit   .   p - +2 helmet
rElec    +         Reflect  .   k - +1 cloak
rCorr    .         Harm     .   (no gloves)
MR       .....                  o - +0 pair of boots (curse)
Stlth    ..........             (no amulet)
HPRegen  0.09/turn              (no ring)
MPRegen  0.09/turn              (no ring)

@: no status effects
A: negative energy resistance 1, electricity resistance, unbreathing,
petrification resistance, rot immunity, AC +3
a: no special abilities


You were on level 3 of the Dungeon.
You were very hungry.

You visited 1 branch of the dungeon, and saw 3 of its levels.

You collected 71 gold pieces.

Inventory:

Hand Weapons
 a - a +0 trident (weapon)
Missiles
 d - 5 throwing nets (quivered)
 m - 43 arrows
Armour
 b - a +0 leather armour
 c - a +0 helmet
 e - a +0 ring mail
 g - a +2 cloak
 k - a +1 cloak (worn)
 o - a cursed +0 pair of boots (worn)
 p - a +2 helmet (worn)
 w - +0 ice dragon scales (worn)
Scrolls
 h - a scroll of amnesia {unknown}
 l - 2 scrolls of magic mapping {unknown}
 q - a scroll of identify {unknown}
 r - 2 scrolls of remove curse {unknown}
 s - 3 scrolls of teleportation {unknown}
 v - a scroll of immolation {unknown}
Potions
 i - 2 potions of magic {unknown}
 n - 2 potions of degeneration {unknown}
 u - 3 potions of brilliance {unknown}
 z - a potion of invisibility {unknown}
Comestibles
 f - 3 bread rations
 j - a royal jelly
 x - a fruit


   Skills:
 + Level 2.8 Fighting
 + Level 4.0 Polearms
 + Level 1.9 Throwing
 + Level 0.9 Armour
 + Level 2.9 Dodging


You had 3 spell levels left.
You didn't know any spells.

Dungeon Overview and Level Annotations

Branches:
Dungeon (3/15)

Altars:
Hepliaklqana

Annotations:
D:3 Terence; grom234's ghost, amateur GrEE


Innate Abilities, Weirdness & Mutations

You are resistant to torment.
Your stone body is resilient. (AC +3)
You are immune to poison.
You resist negative energy. (rN+)
You are resistant to electric shocks. (rElec)
You can survive without breathing.
You are immune to petrification.
You are immune to rotting.


Message History

You start resting.
HP restored.
There is an escape hatch in the ceiling here.
There is a stone staircase leading down here.
You climb downwards.
Level annotation: Terence; grom234's ghost, amateur GrEE
There is a stone staircase leading up here.
Grom234's ghost turns its malevolent gaze towards you.
Attack whom?
Press: ? - help, Dir - move target cursor, f - grom234's ghost
Aim: grom234's ghost You reach to attack!
You hit grom234's ghost but do no damage.
Grom234's ghost casts a spell at you. The stone arrow hits you!
Ouch! That really hurt!
Grom234's ghost points at you and mumbles some strange words.
The stone arrow hits you!
Ouch! That really hurt!
You die...

##...## #..## #..# #..#
#..# #..######## #########
###.........#
#..(....######
#.<.......#.# ###
#.#####..W.@.#
#.#..####.#.# ..
#.####.###.#..# #.#.#
.####### ###.# #........#
#.#.# .#.....# #..W##
#.....<.(# #.#.#
.#.#######....###.###..#.#
#.#.# .#.#
#......_............#
#.#.#
.#.###..###....######..###
#.#.# ........# ##...#
#.##..# #.#.# ......@.#
#)### #.##..# #.#.#


You could see grom234's ghost.

Vanquished Creatures
  An orc wizard (D:2)
  2 adders (D:2)
  2 worms (D:2)
  2 dart slugs
  3 leopard geckos
  2 orcs (D:2)
  A giant cockroach (D:2)
  5 goblins
  4 hobgoblins
  2 quokkas
  6 bats
  3 frilled lizards
  6 kobolds
  6 rats
45 creatures vanquished.

Notes
Turn   | Place    | Note
-------+----------+-------------------------------------------
     0 | D:1      | nikopol the Gargoyle Gladiator began the quest for the Orb.
     0 | D:1      | Reached XP level 1. HP: 12/12 MP: 1/1
   244 | D:1      | Reached XP level 2. HP: 17/18 MP: 2/2
   421 | D:1      | Reached skill level 3 in Polearms
   816 | D:2      | Reached XP level 3. HP: 22/22 MP: 3/3
  1345 | D:2      | Reached XP level 4. HP: 26/27 MP: 4/4
  1674 | D:3      | Reached skill level 4 in Polearms
  1795 | D:3      | Found a hazy altar of Hepliaklqana.
  1960 | D:3      | Found a faded altar of an unknown god.
  1969 | D:3      | Noticed grom234's ghost (amateur GrEE)
  1976 | D:3      | Noticed Terence
  2209 | D:3      | Killed from afar by grom234's ghost

Vault maps used:
D:1:      elethiomel_arrival_infinity_welcomes_careful_drivers,
          hangedman_glass_teeth
D:2:      first_bread
D:3:      nicolae_overflow_crystal_walls, chequers_ecumenical_altar_island,
          kennysheep_generic_room_16, uniq_terence

Skill      XL: |  1  2  3  4 |
---------------+-------------+-----
Polearms       | 3 4 |  4.0
Fighting       | |  2.8
Throwing       | |  1.9
Armour         | |  0.9
Dodging        | |  2.9

Action                   |  1- 3 |  4- 6 || total
-------------------------+-------+-------++-------
Melee: Trident           |    92 |    88 ||   180
  Eat: Chunk             |     1 |     1 ||     2
       Fruit             |       |     1 ||     1
Armor: Ring mail         |    48 |    29 ||    77
       Ice dragon scales |       |    46 ||    46
Dodge: Dodged            |    48 |    79 ||   127

Table legend:
 A = Spawn XP
 B = Non-spawn XP
 C = Spawn XP percentage of total XP
 D = Spawn monster count
 E = Non-spawn monster count
 F = Spawn count percentage of total count
 G = Total turns spent on level
                    A         B        C        D         E        F      G
               +---------+---------+-------+---------+---------+-------+---------
         Total |       0 |     152 |   0.0 |       0 |      45 |   0.0 |  2209
               +---------+---------+-------+---------+---------+-------+---------
           D:1 |       0 |      24 |   0.0 |       0 |      14 |   0.0 |   948
           D:2 |       0 |     113 |   0.0 |       0 |      23 |   0.0 |   892
           D:3 |       0 |      15 |   0.0 |       0 |       8 |   0.0 |   369
               +---------+---------+-------+---------+---------+-------+---------
